 Dungeon Crawl Stone Soup version 0.25-a0-317-g5f8687bca5 (webtiles) character file.

Game seed: 7668555259152933939, levelgen mode: deterministic

1599 Error4North the Chopper (level 8, 0/67 HPs)
             Began as a Hill Orc Fighter on Dec 26, 2019.
             Was a Priest of Okawaru.
             Slain by a wight
             ... wielding a +3 long sword of freezing
              (7 damage)
             ... on level 6 of the Dungeon.
             The game lasted 00:22:10 (5682 turns).

Error4North the Chopper (Hill Orc Fighter)          Turns: 5682, Time: 00:22:11

Health: 0/67       AC: 11    Str: 21    XL:     8   Next: 94%
Magic:  12/12      EV:  7    Int:  8    God:    Okawaru [***...]
Gold:   301        SH:  9    Dex: 10    Spells: 12/12 levels left

rFire    . . .     SeeInvis .   a - +0 war axe
rCold    + . .     Gourm    .   c - +0 shield
rNeg     . . .     Faith    .   z - +2 scale mail {rC+}
rPois    .         Spirit   .   l - +0 helmet
rElec    .         Reflect  .   o - +0 cloak
rCorr    .         Harm     .   (no gloves)
MR       .....                  (no boots)
Stlth    ..........             (no amulet)
HPRegen  0.21/turn              (no ring)
MPRegen  0.13/turn              (no ring)

@: heavily drained
A: no striking features
a: Heroism, Renounce Religion


You were on level 6 of the Dungeon.
You worshipped Okawaru.
Okawaru was most pleased with you.
You were not hungry.

You visited 1 branch of the dungeon, and saw 6 of its levels.
You also visited: Sewer.

You collected 301 gold pieces.

Inventory:

Hand Weapons
 a - a +0 war axe (weapon)
 e - a +0 hunting sling
 y - a +1 flail of protection
Missiles
 d - 43 sling bullets
 i - 163 stones (quivered)
Armour
 c - a +0 shield (worn)
 l - a +0 helmet (worn)
 o - a +0 cloak (worn)
 z - a +2 scale mail of cold resistance (worn)
Jewellery
 w - a cursed amulet of inaccuracy {unknown}
Wands
 q - a wand of flame (29)
 x - a wand of iceblast (9)
Scrolls
 b - 3 scrolls of teleportation {unknown}
 g - 2 scrolls of enchant armour {unknown}
 h - 4 scrolls of remove curse {unknown}
 j - 2 scrolls of random uselessness {unknown}
 k - 4 scrolls of enchant weapon {unknown}
 m - 3 scrolls of blinking {unknown}
 p - a scroll of immolation {unknown}
 t - 2 scrolls of identify {unknown}
 u - 2 scrolls of fog {unknown}
Potions
 n - 2 potions of curing
 r - a potion of degeneration {unknown}
 s - a potion of brilliance {unknown}
 v - 6 potions of flight {unknown}
 A - a potion of magic {unknown}
 C - 8 potions of heal wounds {unknown}
Comestibles
 f - 9 rations


   Skills:
 + Level 4.7(2.8) Fighting
 + Level 6.9(4.8) Axes
 + Level 2.0(0.3) Slings
 + Level 0.4(0.0) Throwing
 * Level 6.1(4.1) Armour
 + Level 0.6(0.0) Dodging
 * Level 6.6(4.5) Shields
 * Level 2.7(0.8) Spellcasting
 * Level 3.2(1.4) Invocations
 * Level 2.1(0.3) Evocations


You had 12 spell levels left.
You didn't know any spells.
Your spell library was empty.

Dungeon Overview and Level Annotations

Branches:
Dungeon (6/15)              Sewer (visited)
 Temple: D:4-7

Altars:
Fedhas
Gozag
Okawaru

Shops:
D:4 (:[

Annotations:
D:6 Eustachio


Message History

You see here 2 curare-tipped darts.
Eustachio calls on the powers of shadow!
The wight hits you but does no damage.
Eustachio casts a spell.
Eustachio blinks!
You block the bat's attack. You block the wight's attack.
The bat barely misses you. You block the bat's attack.
The bat hits you but does no damage.
The bat hits you but does no damage. x2; You block the wight's attack.
You block the bat's attack. The bat hits you but does no damage.
Eustachio casts a spell.
Eustachio blinks!
The bat hits you.
* * * LOW HITPOINT WARNING * * *
The bat hits you but does no damage.
You feel yourself speed up. The bat hits you but does no damage.
The bat hits you.
* * * LOW HITPOINT WARNING * * *
The wight hits you with a +3 long sword of freezing!
You die...

.#..........
.#..................###.#
.#)..........#.....[.....#
.........................#
.......................>.#
..................b......#
.........................#
....(....................#
....(((.........@z.(.....#
######(...........bz.....#
# ##...<......#..........#
###......######..........#
....(##....# #..........#
..##.......##
##........(##
##..........# ##.......#)#
#..........# ##......#..#
#..........# ####...##...


You could see 2 wights and 2 bats.

Vanquished Creatures
  Edmund (D:5)
  2 ice beasts (D:5)
  2 ogres
  4 centaurs
  Blork the orc (D:5)
  A wight (D:6)
  A howler monkey (D:4)
  2 crimson imps
  3 orc wizards (D:5)
  An orc priest (D:5)
  Ijyb (D:4)
  Natasha (thrice) (D:3)
  A worker ant (D:5)
  A hound zombie (D:5)
  A worker ant zombie (D:5)
  6 gnolls
  9 adders
  8 river rats (Sewer)
  2 oozes
  3 worms
  2 dart slugs
  2 leopard geckos
  8 orcs
  2 ball pythons (Sewer)
  9 giant cockroaches
  5 hobgoblins (D:1)
  10 jackals
  25 kobolds
  A quokka (D:2)
  6 bats
  3 frilled lizards
  A giant cockroach zombie (D:6)
  11 goblins
  21 rats
159 creatures vanquished.

Vanquished Creatures (others)
  A giant cockroach (D:6)
1 creature vanquished.

Grand Total: 160 creatures vanquished

Notes
Turn   | Place    | Note
-------+----------+-------------------------------------------
     0 | D:1      | Error4North the Hill Orc Fighter began the quest for the
                  | Orb.
     0 | D:1      | Reached XP level 1. HP: 19/19 MP: 1/1
   104 | D:1      | Reached XP level 2. HP: 18/26 MP: 2/2
   433 | D:1      | Reached XP level 3. HP: 26/33 MP: 3/3
   910 | D:2      | Found an opulent altar of Gozag.
  1309 | D:2      | Reached XP level 4. HP: 39/40 MP: 3/5
  1386 | D:2      | Found a blossoming altar of Fedhas.
  1567 | D:3      | Reached skill level 1 in Spellcasting
  1576 | D:3      | Reached XP level 5. HP: 12/46 MP: 6/6
  1639 | D:3      | Noticed a centaur
  1912 | D:3      | Killed a centaur
  2230 | D:3      | Found an iron altar of Okawaru.
  2236 | D:3      | Became a worshipper of Warmaster Okawaru
  2302 | D:3      | Reached XP level 6. HP: 50/52 MP: 7/7
  2327 | D:4      | Noticed Ijyb
  2327 | D:4      | Noticed Natasha
  2339 | D:3      | Killed Natasha
  2520 | D:4      | Reached skill level 1 in Slings
  2558 | D:4      | Reached * piety under Okawaru
  2558 | D:4      | Reached skill level 5 in Shields
  2586 | D:4      | Found Lunofuix's Antique Armour Boutique.
  2738 | D:4      | Found Vebao's Book Emporium.
  2798 | D:4      | Killed Ijyb
  2798 | D:4      | Reached XP level 7. HP: 59/59 MP: 9/9
  2803 | D:4      | Reached skill level 5 in Axes
  2880 | D:3      | Noticed Natasha
  2887 | D:3      | Killed Natasha
  2970 | D:3      | Noticed Natasha
  2979 | D:3      | Killed Natasha
  3466 | D:4      | Found Hiostre's Weapon Emporium.
  3531 | D:5      | Entered Level 5 of the Dungeon
  3545 | D:5      | Reached skill level 5 in Armour
  3576 | D:5      | Reached ** piety under Okawaru
  3577 | D:5      | Reached skill level 1 in Invocations
  3596 | D:5      | Reached skill level 1 in Evocations
  3596 | D:5      | Reached XP level 8. HP: 26/67 MP: 11/11
  3831 | D:5      | Noticed Edmund
  3855 | D:5      | Killed Edmund
  4166 | D:5      | Noticed Blork the orc
  4177 | D:5      | Killed Blork the orc
  4394 | D:5      | Reached *** piety under Okawaru
  4819 | D:6      | Found a glowing drain.
  4861 | Sewer    | Entered a sewer
  5642 | D:6      | Noticed Eustachio
  5682 | D:6      | Slain by a wight

Levels and vault maps discovered:
D:1:      dpeg_arrival_chambers_temple_mockup, layout_basic,
          minmay_misc_feat_diagonals, chequers_hall_statues_y
D:2:      layout_rooms, grunt_gozag_statues, fedhas_altar_4
D:3:      layout_rooms, first_ration, roderic_roman_lattice,
          okawaru_ov_weapons_minmay
D:4:      layout_basic, serial_shops, shop, nicolae_shop_waterfront,
          nicolae_shop_overgrown_old_shop, uniq_ijyb, uniq_natasha
D:5:      layout_loops_ring, uniq_edmund, uniq_blork_the_orc
D:6:      layout_cave_pods, marbit_many_paths, portal_sewer_entry_f,
          uniq_eustachio, uniq_sigmund

Skill      XL: |  1  2  3  4  5  6  7  8 |
---------------+-------------------------+-----
Axes           | 3 4 6 |  6.9
Shields        | 4 5 6 |  6.6
Armour         | 4 5 6 |  6.1
Spellcasting   | 1 2 |  2.7
Fighting       | 4 |  4.7
Slings         | 1 2 |  2.0
Invocations    | 1 3 |  3.2
Evocations     | 1 2 |  2.1
Throwing       | |  0.4
Dodging        | |  0.6

Action                   |  1- 3 |  4- 6 |  7- 9 || total
-------------------------+-------+-------+-------++-------
Melee: War axe           |   132 |    93 |   303 ||   528
 Fire: Hunting sling     |       |    24 |    41 ||    65
Throw: Stone             |       |     3 |    28 ||    31
Invok: Heroism           |       |       |     1 ||     1
Evoke: Wand              |       |       |     2 ||     2
  Use: Potion            |       |     2 |     2 ||     4
  Eat: Chunk             |     1 |     2 |     3 ||     6
       Ration            |       |     1 |     2 ||     3
Armor: Scale mail        |    78 |       |   115 ||   193
       Chain mail        |    12 |    69 |    39 ||   120
Dodge: Dodged            |    51 |    31 |    93 ||   175
Block: Shield            |    74 |    72 |   182 ||   328

Table legend:
 A = Non-vault XP
 B = Vault XP
 C = Vault XP percentage of total XP
 D = Non-vault monster count
 E = Vault monster count
 F = Vault count percentage of total count
                 A         B        C        D         E       F
            +---------+---------+-------+---------+---------+-------
      Total |    1742 |     543 |  23.8 |     103 |      56 |  35.2
            +---------+---------+-------+---------+---------+-------
        D:1 |      41 |       0 |   0.0 |      24 |       0 |   0.0
        D:2 |      53 |       0 |   0.0 |      16 |       0 |   0.0
        D:3 |     294 |      35 |  10.6 |      28 |       1 |   3.4
        D:4 |     328 |      35 |   9.6 |       9 |       1 |  10.0
        D:5 |     805 |     257 |  24.2 |      21 |       2 |   8.7
        D:6 |     221 |       9 |   3.9 |       5 |       4 |  44.4
      Sewer |       0 |     207 | 100.0 |       0 |      48 | 100.0
            +---------+---------+-------+---------+---------+-------
